 Dungeon Crawl Stone Soup version 0.27.0-1-g7a08968 (webtiles) character file.

Game seed: 8521928705055321637

9 Orban the Skirmisher (level 2, 24/24 HPs)
             Began as a Demonspawn Berserker on Aug 31, 2022.
             Was a Follower of Trog.
             Quit the game on level 1 of the Dungeon.
             The game lasted 00:00:39 (293 turns).

Orban the Skirmisher (Demonspawn Berserker)          Turns: 293, Time: 00:00:39

Health: 24/24      AC:  3    Str: 17    XL:     2   Next: 3%
Magic:  2/2        EV: 12    Int:  8    God:    Trog [*.....]
Gold:   16         SH:  0    Dex: 12    Spells: 1/1 levels left

rFire    . . .     SeeInvis .   a - +0 short sword
rCold    . . .     Faith    .   (no shield)
rNeg     . . .     Spirit   .   b - +0 animal skin
rPois    .         Reflect  .   (no helmet)
rElec    .         Harm     .   (no cloak)
rCorr    .         Rampage  .   e - +0 pair of gloves
Will     .....                  (no boots)
Stlth    +.........             (no amulet)
HPRegen  0.08/turn              (no ring)
MPRegen  0.08/turn              (no ring)

@: no status effects
A: demonic magic 1
a: Renounce Religion, Berserk


You were on level 1 of the Dungeon.
You worshipped Trog.
Trog was aware of your devotion.
You visited 1 branch of the dungeon, and saw 1 of its levels.

You collected 16 gold pieces.

Inventory:

Hand Weapons
 a - a +0 short sword (weapon)
Armour
 b - a +0 animal skin (worn)
 e - a +0 pair of gloves (worn)
Scrolls
 c - a scroll of teleportation {unknown}
 d - a scroll of blinking {unknown}


   Skills:
 + Level 3.2 Fighting
 + Level 3.0 Short Blades
 + Level 1.8 Armour
 + Level 1.8 Dodging


You had one spell level left.
You didn't know any spells.
Your spell library was empty.

Dungeon Overview and Level Annotations

Branches:
Dungeon (1/15)

Altars:
Beogh


Innate Abilities, Weirdness & Mutations

Spells you cast may paralyse adjacent enemies.


Message History

You barely miss the frilled lizard. The frilled lizard closely misses you.
You hit the frilled lizard.
You kill the frilled lizard!
Trog accepts your kill.
Your Short Blades skill increases to level 3!
No target in view!
No target in view!
No target in view!
d - a scroll labelled ROGIZU OW MIU
There are no items here.
You see here a +0 pair of gloves.
e - a +0 pair of gloves You start putting on your armour.
You continue putting on your +0 pair of gloves. x4
You finish putting on your +0 pair of gloves.
Found a robe.
An endoplasm comes into view.
The endoplasm quivers.
You barely miss the endoplasm. The endoplasm hits you.
You completely miss the endoplasm. The endoplasm hits you.
You hit the endoplasm.
The endoplasm is heavily wounded.
The endoplasm hits you but does no damage.
You hit the endoplasm.
You kill the endoplasm!
Trog accepts your kill.
You have reached level 2!
Your demonic ancestry asserts itself...
A menacing aura infuses your magic.
No target in view!
No target in view!
Autopickup is now off.
No target in view!
No target in view!
No target in view!
Found a stone staircase leading down.
Unknown command.
Unknown command.
Unknown command.
Are you sure you want to abandon this character and quit the game? (Confirm with "yes".)

>. ##.# ... #..
..## # ##..###.#
#.......# #..@[#
#################.#
................#.#
..#....... .....#.#
.#...⌠....###...#.#
................#.#
#....########...#.#
....## ....#...#.#
...#####o...#...#.#


There were no monsters in sight!

Vanquished Creatures
  A dart slug (D:1)
  An endoplasm (D:1)
  2 goblins (D:1)
  A bat (D:1)
  A frilled lizard (D:1)
  A rat (D:1)
7 creatures vanquished.

Notes
Turn   | Place    | Note
-------+----------+-------------------------------------------
     0 | D:1      | Orban the Demonspawn Berserker began the quest for the Orb.
     0 | D:1      | Reached XP level 1. HP: 18/18 MP: 1/1
   116 | D:1      | Noticed an orc wizard
   116 | D:1      | Noticed an orc priest
   116 | D:1      | Noticed an orc wizard
   119 | D:1      | Noticed an orc warrior
   217 | D:1      | Gained mutation: Spells you cast may paralyse adjacent
                  | enemies. [demonic ancestry]
   217 | D:1      | Reached XP level 2. HP: 18/24 MP: 2/2
   293 | D:1      | Quit the game

Illustrated notes

Levels and vault maps discovered:
D:1:      erik_arrival_cave_to_civilisation [erik_arrival_cave_to_temple],
          layout_basic, ebering_ecumenical_altar_rust

Skill      XL: |  1 |
---------------+----+-----
Short Blades   | 3 |  3.0
Fighting       | |  3.2
Armour         | |  1.8
Dodging        | |  1.8

Action                   || total
-------------------------++-------
Melee: Short sword       ||    16
Invok: Berserk           ||     1
Armor: Animal skin       ||     2
Dodge: Dodged            ||    12
